 Dungeon Crawl Stone Soup version 0.21.0-3-g78d12a8 (webtiles) character file.

128 Dfrag the Firebug (level 4, 0/30 HPs)
             Began as a Demonspawn Fire Elementalist on Jan 11, 2018.
             Succumbed to a scorpion's poison
             ... on level 2 of the Dungeon.
             The game lasted 00:02:48 (1731 turns).

Dfrag the Firebug (Demonspawn Fire Elementalist)    Turns: 1731, Time: 00:02:48

Health: 0/30       AC:  5    Str:  8    XL:     4   Next: 87%
Magic:  3/8        EV: 12    Int: 17    God:
Gold:   164        SH:  0    Dex: 14    Spells: 8/9 levels left

rFire    . . .     SeeInvis .   (no weapon)
rCold    . . .     Gourm    .   (no shield)
rNeg     . . .     Faith    .   a - +0 robe
rPois    .         Spirit   .   (no helmet)
rElec    .         Reflect  .   (no cloak)
rCorr    .         Harm     .   k - +0 pair of gloves
MR       .....                  (no boots)
Stlth    ++........             (no amulet)
HPRegen  0.10/turn              (no ring)
MPRegen  0.11/turn              (no ring)

@: lethally poisoned (0 -> -9)
A: hooves 1, iridescent scales 1
a: no special abilities


You were on level 2 of the Dungeon.
You were not hungry.

You visited 1 branch of the dungeon, and saw 3 of its levels.

You collected 164 gold pieces.

Inventory:

Armour
 a - a +0 robe (worn)
 k - a +0 pair of gloves (worn)
 n - a +0 cloak
Scrolls
 d - 4 scrolls of identify {unknown}
 e - a scroll of blinking {unknown}
 f - a scroll of magic mapping {unknown}
 g - a scroll of immolation {unknown}
 j - 2 scrolls of remove curse {unknown}
Potions
 h - a potion of lignification {unknown}
 i - a potion of degeneration {unknown}
 l - a potion of might {unknown}
Books
 b - a book of Flames

   Spells                             Type                      Level
   a - Flame Tongue                   Conjuration/Fire             1
   b - Throw Flame                    Conjuration/Fire             2
   c - Conjure Flame                  Conjuration/Fire             3
   d - Inner Flame                    Hexes/Fire                   3
   e - Sticky Flame                   Conjuration/Fire             4
   f - Fireball                       Conjuration/Fire             5
Comestibles
 c - 2 rations


   Skills:
 - Level 1.7 Dodging
 - Level 1.7 Stealth
 + Level 3.2 Spellcasting
 + Level 2.7 Conjurations
 + Level 3.6 Fire Magic


You had 8 spell levels left.
You knew the following spells:

 Your Spells              Type           Power        Failure   Level  Hunger
a - Flame Tongue          Conj/Fire      ##...        4%          1    None


Dungeon Overview and Level Annotations

Branches:
Dungeon (3/15)

Altars:


Innate Abilities, Weirdness & Mutations

You have large cloven feet.
You are partially covered in iridescent scales. (AC +2)


Message History

You feel sick. The scorpion stings you!
* * * LOW HITPOINT WARNING * * *
Casting: Flame Tongue
Confirm with . or Enter, or press ? or * to list all spells.
Aiming: Flame Tongue
Press: ? - help, Shift-Dir - straight line, f/p - scorpion
Aim: a scorpion (heavily wounded)
The flame tongue misses the scorpion.
* * * LOW HITPOINT WARNING * * *
You feel sick. The scorpion stings you.
* * * LOW HITPOINT WARNING * * *
Casting: Flame Tongue
Confirm with . or Enter, or press ? or * to list all spells.
Aiming: Flame Tongue
Press: ? - help, Shift-Dir - straight line, f/p - scorpion
Aim: a scorpion (heavily wounded)
The flame tongue hits the scorpion.
You kill the scorpion!
Your Spellcasting skill increases to level 3!
You die...

.....##.#.#.##.#
#....#......#
#######.....##.#
#....#.####.# # #.#.#....#
#....#.####.# #####
#.....#### #.#.......#.#
.)..####...)รท..#
#......##.#.#
#........s..##.#
######.##.#.#
#...####.#####.##
####......### ...##
#.##.....#####...........#
#.##
#.##.##..@...#.#####.###.#
#.# #.## #..###.#.......#
#.# ..# ... .....#
#.####### #># ###
###..###.# #.# #. #.. #.#
. ### #.# #<# #.#


There were no monsters in sight!

Vanquished Creatures
  A scorpion (D:2)
  4 adders (D:2)
  2 dart slugs
  2 leopard geckos (D:1)
  A giant cockroach (D:1)
  3 goblins
  6 hobgoblins
  2 jackals (D:2)
  5 kobolds (D:1)
  3 quokkas
  2 bats
  3 frilled lizards
  9 rats
43 creatures vanquished.

Notes
Turn   | Place    | Note
-------+----------+-------------------------------------------
     0 | D:1      | Dfrag the Demonspawn Fire Elementalist began the quest for the Orb.
     0 | D:1      | Reached XP level 1. HP: 13/13 MP: 3/3
   223 | D:1      | Gained mutation: You have large cloven feet. [demonic ancestry]
   223 | D:1      | Reached XP level 2. HP: 7/19 MP: 3/5
   952 | D:2      | Gained mutation: You are partially covered in iridescent scales. (AC +2) [demonic ancestry]
   952 | D:2      | Reached XP level 3. HP: 21/24 MP: 2/6
  1444 | D:2      | Reached XP level 4. HP: 30/30 MP: 4/8
  1730 | D:2      | HP: 1/30 [scorpion (6)]
  1731 | D:2      | Succumbed to a scorpion's poison

Skill      XL: |  1  2  3  4 |
---------------+-------------+-----
Fire Magic     | 3 |  3.6
Conjurations   | 2 |  2.7
Spellcasting   | 3 |  3.2
Dodging        | |  1.7
Stealth        | |  1.7

Action                   |  1- 3 |  4- 6 || total
-------------------------+-------+-------++-------
Melee: Unarmed           |    50 |     7 ||    57
       Kick              |    12 |       ||    12
 Cast: Flame Tongue      |    69 |    12 ||    81
 Stab: Sleeping          |     2 |       ||     2
  Eat: Chunk             |     2 |     1 ||     3
Armor: Robe              |    18 |     4 ||    22
Dodge: Dodged            |    69 |    10 ||    79
